General information
- name: BNet
- type: Ladder team game (AT/RT)
- host: Battle.net
- saver: Abdullah
map: FullScaleAssault
- players: 8
- length: 53:29
- speed: Fast
- version: 1.26 W3XP
- replay type: Public
» download(307 KB)
Players
team 1 (loser)

»
ELViSH_PRiDe (
blue | 38 APM | 2051 actions | 53:28)
6 Shadow Hunter
2 Serpent Ward
3 Healing Wave
1 Big Bad Voodoo
5 Far Seer
3 Chain Lighting
2 Far Sight
6 Beastmaster
3 Summon Quilbeast
2 Summon Hawk
1 Stampede
» actions
| Assign group hotkey | 45 | |
| Basic commands | 166 | |
| Build / train | 79 | |
| ESC pressed | 4 | |
| Enter build submenu | 19 | |
| Enter hero's abilities submenu | 18 | |
| Right click | 493 | |
| Select / deselect | 343 | |
| Select group hotkey | 754 | |
| Use ability | 127 | |
2051 total
» units
| Peon | 14 | |
| Grunt | 4 | |
| Troll Headhunter/Berserker | 9 | |
| Troll Witch Doctor | 5 | |
| Shaman | 4 | |
| Demolisher | 1 | |
37 total
» upgrades
| Ranged Weapons | 3 | |
| Troll Regeneration | 1 | |
| Armor | 3 | |
| Witch Doctor Training | 2 | |
| Shaman Training | 2 | |
| Berserker Upgrade | 1 | |
| Reinforced Defenses | 1 | |
| Burning Oil | 1 | |
14 total
» buildings
| Altar of Storms | 1 | |
| Orc Burrow | 10 | |
| Barracks | 1 | |
| War Mill | 1 | |
| Voodoo Lounge | 1 | |
| Stronghold | 1 | |
| Spirit Lodge | 2 | |
| Fortress | 2 | |
| Great Hall | 1 | |
20 total
» build order
00:08 Altar of Storms
00:11 Orc Burrow
01:25 Barracks
01:33 Orc Burrow
02:14 War Mill
02:37 Orc Burrow
02:43 Voodoo Lounge
03:33 Stronghold
04:29 Orc Burrow
06:02 Spirit Lodge
06:48 Spirit Lodge
06:57 Orc Burrow
08:36 Fortress
13:14 Orc Burrow
13:16 Orc Burrow
15:36 Orc Burrow
15:39 Orc Burrow
15:43 Orc Burrow
21:26 Great Hall
» items
| Scroll of Speed | 2 | |
| Healing Salve | 1 | |
| Periapt of Vitality | 1 | |
4 total
IbnKhaldun (
red | 52 APM | 2789 actions | 53:28)
9 Archmage
3 Summon Water Elemental
3 Brilliance Aura
1 Mass Teleport
2 Blizzard
» actions
| Assign group hotkey | 33 | |
| Basic commands | 285 | |
| Build / train | 90 | |
| Enter build submenu | 47 | |
| Enter hero's abilities submenu | 9 | |
| Give item / drop item | 5 | |
| Remove unit from queue | 3 | |
| Right click | 873 | |
| Select / deselect | 368 | |
| Select group hotkey | 906 | |
| Use ability | 170 | |
2789 total
» units
| Peasant | 17 | |
| Footman | 4 | |
| Goblin Shredder | 2 | |
| Goblin Zeppelin | 4 | |
| Gryphon Rider | 8 | |
| Dragonhawk Rider | 4 | |
39 total
» upgrades
| Masonry | 3 | |
| Swords | 3 | |
| Armor | 4 | |
| Storm Hammers | 1 | |
| Animal War Training | 1 | |
| Cloud | 1 | |
13 total
» buildings
| Altar of Kings | 1 | |
| Barracks | 1 | |
| Farm | 9 | |
| Keep | 1 | |
| Town Hall | 2 | |
| Arcane Vault | 1 | |
| Lumber Mill | 1 | |
| Scout Tower | 28 | |
| Guard Tower | 8 | |
| Castle | 1 | |
| Gryphon Aviary | 4 | |
| Blacksmith | 2 | |
59 total
» build order
00:39 Altar of Kings
00:40 Barracks
00:50 Farm
01:04 Farm
01:06 Farm
02:15 Farm
02:17 Farm
03:24 Keep
03:55 Town Hall
04:19 Arcane Vault
05:22 Lumber Mill
05:42 Farm
07:09 Town Hall
07:16 Scout Tower
07:16 Scout Tower
07:18 Scout Tower
07:18 Scout Tower
07:19 Scout Tower
07:19 Scout Tower
07:23 Scout Tower
07:24 Scout Tower
07:25 Scout Tower
07:26 Scout Tower
07:29 Scout Tower
07:29 Scout Tower
07:50 Guard Tower
08:49 Guard Tower
09:10 Castle
09:14 Scout Tower
09:15 Scout Tower
09:16 Scout Tower
09:16 Scout Tower
09:55 Gryphon Aviary
09:56 Gryphon Aviary
09:58 Guard Tower
10:00 Gryphon Aviary
10:08 Gryphon Aviary
10:13 Blacksmith
10:24 Blacksmith
11:00 Guard Tower
11:33 Farm
11:33 Farm
13:07 Guard Tower
13:25 Farm
16:13 Scout Tower
16:14 Scout Tower
16:53 Scout Tower
16:54 Scout Tower
16:57 Scout Tower
17:02 Scout Tower
17:02 Scout Tower
17:04 Scout Tower
18:09 Guard Tower
18:29 Guard Tower
18:30 Scout Tower
18:31 Scout Tower
19:48 Guard Tower
» items
| Scroll of Regeneration | 5 | |
| Scroll of Town Portal | 2 | |
| Potion of Healing | 2 | |
| Periapt of Vitality | 1 | |
| Potion of Lesser Invulnerability | 2 | |
| Boots of Speed | 1 | |
| Scroll of Healing | 1 | |
| Staff of Teleportation | 1 | |
15 total
humble-alah (
green | 44 APM | 2343 actions | 53:28)
5 Blademaster
3 Wind Walk
2 Critical Strike
» actions
| Assign group hotkey | 81 | |
| Basic commands | 215 | |
| Build / train | 79 | |
| Enter build submenu | 36 | |
| Enter hero's abilities submenu | 5 | |
| Give item / drop item | 6 | |
| Right click | 731 | |
| Select / deselect | 319 | |
| Select group hotkey | 686 | |
| Use ability | 185 | |
2343 total
» units
| Peon | 18 | |
| Troll Batrider | 3 | |
| Goblin Zeppelin | 3 | |
| Goblin Shredder | 2 | |
| Blue Dragon | 8 | |
| Troll Witch Doctor | 1 | |
| Wind Rider | 5 | |
| Raider | 2 | |
42 total
» upgrades
| Reinforced Defenses | 1 | |
| Ranged Weapons | 3 | |
| Liquid Fire | 1 | |
| Witch Doctor Training | 2 | |
| Shaman Training | 2 | |
| Spirit Walker Training | 2 | |
| Armor | 1 | |
| Envenomed Spears | 1 | |
13 total
» buildings
| Altar of Storms | 1 | |
| Orc Burrow | 6 | |
| Voodoo Lounge | 4 | |
| War Mill | 1 | |
| Stronghold | 1 | |
| Watch Tower | 51 | |
| Fortress | 1 | |
| Beastiary | 6 | |
| Spirit Lodge | 1 | |
| Great Hall | 1 | |
73 total
» build order
00:07 Altar of Storms
00:22 Orc Burrow
00:50 Voodoo Lounge
01:45 War Mill
02:34 Stronghold
03:03 Watch Tower
03:03 Watch Tower
03:03 Watch Tower
03:04 Watch Tower
03:31 Orc Burrow
03:32 Orc Burrow
04:41 Watch Tower
04:42 Watch Tower
05:24 Fortress
06:26 Orc Burrow
06:56 Beastiary
06:57 Beastiary
10:23 Watch Tower
10:23 Watch Tower
10:23 Watch Tower
10:24 Watch Tower
10:25 Watch Tower
11:06 Watch Tower
11:08 Watch Tower
11:09 Watch Tower
11:24 Watch Tower
11:28 Watch Tower
11:36 Watch Tower
11:37 Watch Tower
11:38 Watch Tower
11:58 Watch Tower
12:20 Orc Burrow
13:02 Voodoo Lounge
13:04 Watch Tower
13:10 Spirit Lodge
16:59 Watch Tower
16:59 Watch Tower
17:00 Watch Tower
17:00 Watch Tower
17:11 Watch Tower
17:12 Watch Tower
17:13 Watch Tower
17:13 Watch Tower
17:14 Watch Tower
17:15 Watch Tower
18:25 Watch Tower
18:26 Watch Tower
18:26 Watch Tower
18:27 Watch Tower
19:35 Voodoo Lounge
19:38 Watch Tower
21:56 Great Hall
21:59 Watch Tower
21:59 Watch Tower
21:59 Watch Tower
22:00 Watch Tower
22:00 Watch Tower
22:00 Watch Tower
23:15 Watch Tower
24:24 Watch Tower
24:24 Watch Tower
24:37 Voodoo Lounge
30:44 Beastiary
30:49 Beastiary
30:51 Beastiary
31:32 Beastiary
32:10 Orc Burrow
» items
| Healing Salve | 3 | |
| Lesser Clarity Potion | 2 | |
| Staff of Teleportation | 1 | |
| Tiny Great Hall | 2 | |
| Orb of Lightning | 1 | |
| Scroll of Town Portal | 1 | |
| Potion of Mana | 1 | |
| Potion of Lesser Invulnerability | 1 | |
12 total
kingslayer2000 (
purple | 35 APM | 1829 actions | 52:45)
6 Demon Hunter
3 Immolation
2 Mana Burn
1 Metamorphosis
» actions
| Assign group hotkey | 43 | |
| Basic commands | 4 | |
| Build / train | 113 | |
| Enter build submenu | 36 | |
| Enter hero's abilities submenu | 6 | |
| Right click | 735 | |
| Select / deselect | 336 | |
| Select group hotkey | 502 | |
| Use ability | 54 | |
1829 total
» units
| Wisp | 33 | |
| Huntress | 11 | |
| Hippogryph | 37 | |
| Chimaera | 14 | |
95 total
» upgrades
| Moon Armor | 2 | |
| Strength of the Moon | 1 | |
| Reinforced Hides | 3 | |
| Strength of the Wild | 3 | |
9 total
» buildings
| Altar of Elders | 1 | |
| Moon Well | 8 | |
| Hunter's Hall | 1 | |
| Ancient of War | 1 | |
| Ancient Protector | 9 | |
| Ancient of Wonders | 2 | |
| Tree of Life | 3 | |
| Tree of Ages | 1 | |
| Ancient of Wind | 3 | |
| Tree of Eternity | 1 | |
| Chimaera Roost | 1 | |
31 total
» build order
00:09 Altar of Elders
00:12 Moon Well
01:29 Hunter's Hall
01:51 Ancient of War
02:26 Moon Well
02:37 Moon Well
03:29 Ancient Protector
03:38 Ancient of Wonders
05:25 Moon Well
05:53 Ancient Protector
06:19 Tree of Life
06:34 Ancient Protector
07:09 Tree of Ages
07:35 Ancient Protector
07:46 Ancient Protector
09:31 Ancient of Wind
09:39 Tree of Eternity
09:45 Ancient of Wind
09:58 Ancient Protector
10:41 Ancient Protector
12:47 Chimaera Roost
15:11 Moon Well
16:07 Moon Well
19:48 Moon Well
21:22 Ancient of Wind
22:57 Moon Well
23:18 Ancient Protector
24:07 Ancient Protector
25:38 Ancient of Wonders
27:46 Tree of Life
32:07 Tree of Life
team 2 (winner)

»
walmartpimp (
pink | 62 APM | 1819 actions | 29:13)
4 Blademaster
2 Wind Walk
2 Critical Strike
» actions
| Assign group hotkey | 29 | |
| Basic commands | 29 | |
| Build / train | 79 | |
| ESC pressed | 5 | |
| Enter build submenu | 64 | |
| Enter hero's abilities submenu | 4 | |
| Give item / drop item | 3 | |
| Remove unit from queue | 1 | |
| Right click | 383 | |
| Select / deselect | 245 | |
| Select group hotkey | 831 | |
| Use ability | 146 | |
1819 total
» units
| Peon | 25 | |
| Raider | 5 | |
| Goblin Shredder | 1 | |
| Troll Batrider | 10 | |
41 total
» upgrades
| Spiked Barricades | 3 | |
| Pillage | 1 | |
| Ensnare | 1 | |
| Melee Weapons | 3 | |
| Reinforced Defenses | 1 | |
| Liquid Fire | 1 | |
10 total
» buildings
| Altar of Storms | 1 | |
| War Mill | 1 | |
| Orc Burrow | 16 | |
| Voodoo Lounge | 1 | |
| Watch Tower | 29 | |
| Stronghold | 1 | |
| Great Hall | 1 | |
| Fortress | 2 | |
| Beastiary | 3 | |
55 total
» build order
00:10 Altar of Storms
00:37 War Mill
00:58 Orc Burrow
01:14 Voodoo Lounge
01:44 Orc Burrow
04:00 Watch Tower
04:10 Watch Tower
04:15 Watch Tower
04:25 Watch Tower
05:12 Watch Tower
05:16 Watch Tower
05:39 Watch Tower
06:02 Stronghold
06:51 Orc Burrow
06:56 Orc Burrow
07:19 Watch Tower
07:25 Great Hall
07:37 Watch Tower
08:28 Watch Tower
08:46 Fortress
08:47 Fortress
09:29 Watch Tower
09:45 Beastiary
10:49 Beastiary
11:36 Beastiary
12:11 Watch Tower
13:08 Orc Burrow
13:12 Orc Burrow
14:26 Watch Tower
14:29 Watch Tower
15:27 Orc Burrow
15:34 Orc Burrow
15:38 Orc Burrow
15:42 Orc Burrow
15:44 Orc Burrow
15:52 Watch Tower
16:58 Orc Burrow
17:16 Orc Burrow
18:08 Orc Burrow
18:11 Watch Tower
18:15 Watch Tower
18:21 Orc Burrow
18:46 Orc Burrow
19:06 Watch Tower
19:14 Watch Tower
19:19 Watch Tower
21:13 Watch Tower
21:46 Watch Tower
21:53 Watch Tower
22:02 Watch Tower
22:10 Watch Tower
22:29 Watch Tower
23:04 Watch Tower
24:10 Watch Tower
25:30 Watch Tower
» items
| Healing Salve | 7 | |
| Lesser Clarity Potion | 4 | |
| Orb of Lightning | 1 | |
| Boots of Speed | 1 | |
| Scroll of Town Portal | 1 | |
14 total

»
PhDinVVarcraft (
yellow | 68 APM | 2000 actions | 29:35)
5 Keeper of the Grove
2 Entangling Roots
3 Thorns Aura
2 Priestess of the Moon
1 Scout
1 Trueshot Aura
2 Warden
1 Fan of Knives
1 Blink
» actions
| Assign group hotkey | 26 | |
| Build / train | 131 | |
| Enter build submenu | 36 | |
| Enter hero's abilities submenu | 9 | |
| Give item / drop item | 4 | |
| Remove unit from queue | 1 | |
| Right click | 415 | |
| Select / deselect | 396 | |
| Select group hotkey | 849 | |
| Use ability | 133 | |
2000 total
» units
| Wisp | 48 | |
| Archer | 10 | |
| Goblin Zeppelin | 3 | |
| Goblin Shredder | 1 | |
| Hippogryph | 12 | |
74 total
» upgrades
| Strength of the Moon | 2 | |
| Moon Armor | 3 | |
| Nature's Blessing | 1 | |
| Improved Bows | 1 | |
| Marksmanship | 1 | |
| Strength of the Wild | 3 | |
| Reinforced Hides | 3 | |
| Well Spring | 1 | |
| Hippogryph Taming | 1 | |
| Ultravision | 1 | |
17 total
» buildings
| Moon Well | 7 | |
| Altar of Elders | 1 | |
| Ancient of War | 2 | |
| Hunter's Hall | 1 | |
| Tree of Life | 2 | |
| Ancient Protector | 29 | |
| Tree of Ages | 1 | |
| Tree of Eternity | 1 | |
| Ancient of Wonders | 2 | |
| Ancient of Wind | 3 | |
49 total
» build order
00:22 Moon Well
00:52 Altar of Elders
01:02 Ancient of War
01:27 Moon Well
01:59 Ancient of War
02:26 Moon Well
02:53 Hunter's Hall
04:21 Tree of Life
04:35 Ancient Protector
05:10 Tree of Ages
06:24 Moon Well
06:39 Moon Well
08:11 Tree of Eternity
08:53 Tree of Life
10:16 Ancient Protector
10:17 Ancient Protector
10:18 Ancient Protector
10:20 Ancient Protector
10:49 Ancient of Wonders
10:54 Ancient Protector
10:59 Ancient Protector
11:35 Ancient Protector
12:11 Ancient Protector
12:18 Ancient Protector
12:38 Ancient Protector
13:01 Ancient of Wind
13:07 Ancient of Wind
13:08 Ancient of Wind
13:11 Moon Well
13:12 Moon Well
13:19 Ancient Protector
13:51 Ancient Protector
13:59 Ancient Protector
14:04 Ancient Protector
14:08 Ancient Protector
14:16 Ancient Protector
14:41 Ancient Protector
14:41 Ancient Protector
14:42 Ancient Protector
15:13 Ancient Protector
15:13 Ancient Protector
15:43 Ancient Protector
18:52 Ancient Protector
18:54 Ancient Protector
18:55 Ancient Protector
19:01 Ancient of Wonders
19:03 Ancient Protector
19:39 Ancient Protector
19:41 Ancient Protector
» items
| Potion of Lesser Invulnerability | 4 | |
| Scroll of Healing | 4 | |
| Scroll of Protection | 1 | |
| Orb of Venom | 1 | |
| Potion of Healing | 2 | |
| Scroll of Town Portal | 6 | |
| Potion of Mana | 1 | |
| Orb of Lightning | 1 | |
20 total
Abdullah (
orange | 87 APM | 4655 actions | 53:29)
10 Archmage
3 Blizzard
3 Brilliance Aura
1 Mass Teleport
3 Summon Water Elemental
» actions
| Assign group hotkey | 188 | |
| Basic commands | 229 | |
| Build / train | 267 | |
| ESC pressed | 3 | |
| Enter build submenu | 43 | |
| Enter hero's abilities submenu | 10 | |
| Give item / drop item | 17 | |
| Right click | 2136 | |
| Select / deselect | 454 | |
| Select group hotkey | 1002 | |
| Use ability | 306 | |
4655 total
» units
| Peasant | 22 | |
| Footman | 8 | |
| Goblin Shredder | 7 | |
| Goblin Zeppelin | 17 | |
| Goblin Sapper | 14 | |
| Blue Dragon | 15 | |
| Dragonhawk Rider | 4 | |
| Gryphon Rider | 3 | |
90 total
» upgrades
| Masonry | 3 | |
| Swords | 3 | |
| Armor | 3 | |
| Lumber Harvesting | 2 | |
| Animal War Training | 1 | |
| Storm Hammers | 1 | |
| Cloud | 1 | |
| Backpack | 1 | |
| Gunpowder | 3 | |
| Plating | 3 | |
| Defend | 1 | |
| Long Rifles | 1 | |
23 total
» buildings
| Altar of Kings | 1 | |
| Barracks | 1 | |
| Farm | 5 | |
| Arcane Vault | 1 | |
| Lumber Mill | 1 | |
| Town Hall | 2 | |
| Keep | 2 | |
| Scout Tower | 42 | |
| Blacksmith | 1 | |
| Guard Tower | 78 | |
| Castle | 1 | |
| Gryphon Aviary | 4 | |
| Halls of the Dead | 5 | |
| Nerubian Tower | 5 | |
149 total
» build order
00:58 Altar of Kings
01:00 Barracks
01:02 Farm
01:07 Farm
01:43 Farm
01:54 Arcane Vault
02:27 Farm
02:40 Lumber Mill
04:09 Town Hall
05:48 Keep
05:49 Keep
06:19 Farm
06:41 Scout Tower
06:45 Scout Tower
06:46 Scout Tower
06:46 Scout Tower
06:48 Scout Tower
06:49 Scout Tower
07:44 Blacksmith
10:24 Guard Tower
10:24 Guard Tower
10:25 Guard Tower
10:27 Castle
11:59 Town Hall
12:01 Scout Tower
12:02 Scout Tower
12:02 Scout Tower
12:03 Scout Tower
12:04 Scout Tower
12:04 Scout Tower
12:05 Scout Tower
12:06 Scout Tower
12:07 Scout Tower
12:08 Scout Tower
12:08 Scout Tower
12:09 Scout Tower
12:45 Guard Tower
12:45 Guard Tower
12:46 Guard Tower
12:46 Guard Tower
12:58 Guard Tower
12:58 Guard Tower
12:59 Guard Tower
13:01 Guard Tower
13:01 Guard Tower
13:02 Guard Tower
13:27 Guard Tower
13:27 Guard Tower
13:27 Guard Tower
13:29 Guard Tower
13:29 Guard Tower
13:29 Guard Tower
13:30 Guard Tower
13:30 Guard Tower
13:30 Guard Tower
15:46 Gryphon Aviary
15:48 Gryphon Aviary
15:51 Gryphon Aviary
15:52 Gryphon Aviary
16:34 Scout Tower
16:34 Scout Tower
16:35 Scout Tower
16:37 Scout Tower
16:38 Scout Tower
16:41 Scout Tower
16:42 Scout Tower
16:43 Scout Tower
16:43 Scout Tower
16:44 Scout Tower
16:49 Scout Tower
16:49 Scout Tower
16:50 Scout Tower
16:51 Scout Tower
16:52 Scout Tower
16:57 Scout Tower
16:58 Scout Tower
16:58 Scout Tower
16:59 Scout Tower
17:00 Scout Tower
17:11 Guard Tower
17:12 Guard Tower
17:12 Guard Tower
17:12 Guard Tower
17:22 Guard Tower
17:23 Guard Tower
17:23 Guard Tower
17:23 Guard Tower
17:23 Guard Tower
17:45 Guard Tower
17:45 Guard Tower
17:46 Guard Tower
17:53 Guard Tower
17:53 Guard Tower
17:53 Guard Tower
17:53 Guard Tower
18:00 Guard Tower
18:01 Guard Tower
18:01 Guard Tower
18:01 Guard Tower
18:01 Guard Tower
18:24 Guard Tower
18:24 Guard Tower
42:03 Scout Tower
42:03 Scout Tower
42:05 Scout Tower
42:06 Scout Tower
42:33 Guard Tower
42:33 Guard Tower
42:33 Guard Tower
42:34 Guard Tower
42:34 Guard Tower
42:34 Guard Tower
42:34 Guard Tower
51:46 Halls of the Dead
51:47 Halls of the Dead
51:47 Halls of the Dead
52:47 Nerubian Tower
52:47 Nerubian Tower
52:48 Nerubian Tower
52:48 Nerubian Tower
» items
| Scroll of Regeneration | 7 | |
| Mechanical Critter | 3 | |
| Healing Salve | 1 | |
| Lesser Clarity Potion | 1 | |
| Scroll of Town Portal | 2 | |
14 total

»
callMecuTie (
teal | 46 APM | 1301 actions | 28:21)
4 Death Knight
2 Death Coil
2 Unholy Aura
3 Dark Ranger
1 Black Arrow
2 Silence
» actions
| Assign group hotkey | 96 | |
| Basic commands | 243 | |
| Build / train | 68 | |
| ESC pressed | 1 | |
| Enter build submenu | 29 | |
| Enter hero's abilities submenu | 7 | |
| Give item / drop item | 2 | |
| Remove unit from queue | 2 | |
| Right click | 410 | |
| Select / deselect | 313 | |
| Select group hotkey | 43 | |
| Use ability | 87 | |
1301 total
» units
| Acolyte | 16 | |
| Ghoul | 6 | |
| Crypt Fiend | 6 | |
| Gargoyle | 1 | |
| Frost Wyrm | 4 | |
33 total
» upgrades
| Creature Attack | 3 | |
| Creature Carapace | 2 | |
| Web | 1 | |
6 total
» buildings
| Altar of Darkness | 1 | |
| Ziggurat | 16 | |
| Crypt | 2 | |
| Graveyard | 1 | |
| Tomb of Relics | 2 | |
| Halls of the Dead | 4 | |
| Black Citadel | 1 | |
| Spirit Tower | 6 | |
| Sacrificial Pit | 1 | |
| Boneyard | 3 | |
| Nerubian Tower | 1 | |
| Necropolis | 1 | |
39 total
» build order
00:27 Altar of Darkness
00:29 Ziggurat
00:38 Crypt
01:28 Graveyard
01:57 Tomb of Relics
02:06 Crypt
02:22 Ziggurat
04:08 Halls of the Dead
04:08 Halls of the Dead
04:32 Ziggurat
06:24 Ziggurat
10:48 Black Citadel
11:17 Ziggurat
11:18 Ziggurat
11:19 Ziggurat
11:28 Ziggurat
11:30 Ziggurat
12:08 Tomb of Relics
12:13 Spirit Tower
12:14 Spirit Tower
12:41 Ziggurat
13:03 Sacrificial Pit
14:08 Boneyard
14:08 Boneyard
14:09 Boneyard
16:03 Spirit Tower
17:05 Ziggurat
17:11 Ziggurat
18:33 Nerubian Tower
18:48 Ziggurat
20:35 Ziggurat
23:19 Necropolis
25:05 Ziggurat
25:32 Ziggurat
26:05 Spirit Tower
» items
| Rod of Necromancy | 2 | |
| Boots of Speed | 1 | |
| Potion of Healing | 1 | |
| Scroll of Town Portal | 1 | |
| Orb of Corruption | 1 | |
6 total
Chat log
(00:10 / All) callMecuTie: \
(00:12 / Allies) PhDinVVarcraft: ghouls cant mine, teal
(00:16 / All) humble-alah: waz up
(00:18 / All) humble-alah: ballas
(00:22 / Allies) callMecuTie: faster faggpr
(00:31 / All) humble-alah: favorite porn star?
(00:38 / Allies) PhDinVVarcraft: paula deen
(00:42 / All) PhDinVVarcraft: paula deen
(00:51 / Allies) callMecuTie: self
(00:59 / All) IbnKhaldun: Tell me straight up do you really wanna love me forever
(01:08 / All) PhDinVVarcraft: ur dating urself
(01:12 / All) humble-alah: whose the top fellatio porn star
(01:19 / Allies) callMecuTie: phd
(01:20 / All) PhDinVVarcraft: ur mom, duh
(01:25 / All) IbnKhaldun: Paula Abdul greatest artist of all time
(01:30 / All) humble-alah: that aint nice
(01:33 / All) PhDinVVarcraft: u have 2 be gay
(02:50 / All) IbnKhaldun: streaming ufc 163 right now
(03:01 / All) PhDinVVarcraft: yeah right
(03:09 / All) PhDinVVarcraft: we all know ur watching glee
(04:08 / All) humble-alah: bad boy wal mart pimp
(08:55 / All) IbnKhaldun: lyoto won pretty clearly
(09:06 / All) IbnKhaldun: fucking faggot
(09:30 / All) IbnKhaldun: Pink you're asking for a hurting
(09:55 / Allies) PhDinVVarcraft: bats
(10:04 / Allies) PhDinVVarcraft: uve been warned
(10:28 / All) IbnKhaldun: LOL
(10:35 / All) humble-alah: wat hap
(10:36 / All) IbnKhaldun: Machida got robbed
(10:40 / All) IbnKhaldun: in Brazil too!
(11:03 / Allies) walmartpimp: wood?
(11:19 / All) IbnKhaldun: Lyoto easily won except davis got late TDs in round 1 and 2 and did barely anything with them
(11:23 / All) IbnKhaldun: that's all he got
(11:41 / Allies) callMecuTie: idk wtf we plan to do
(11:43 / Allies) callMecuTie: but should hit soon
(11:46 / All) humble-alah: i aint fat
(11:51 / All) humble-alah: im an orca
(12:31 / Allies) walmartpimp: 3000 wood
(12:33 / Allies) walmartpimp: you cant share?
(12:38 / Allies) Abdullah: I can
(13:34 / All) IbnKhaldun: can't believe he got robbed in Brazil LOL
(13:42 / All) IbnKhaldun: they usually rob Americans
(13:49 / All) IbnKhaldun: maybe because Lyoto is mostly white and Phil Davis is a nigger
(15:22 / All) IbnKhaldun: ooo
(15:24 / All) IbnKhaldun: so lucky
(16:09 / All) IbnKhaldun: did you like that rape pink?
(16:27 / Allies) walmartpimp: already repaired
(16:32 / Allies) callMecuTie: i love my expo..
(18:07 / All) IbnKhaldun: You want some too yellow?
(18:17 / Allies) callMecuTie: le s go
(18:17 / All) PhDinVVarcraft: u need 2 get a life
(18:22 / Allies) Abdullah: meet at top
(18:23 / All) IbnKhaldun: I'm going to fuck you up motherfucker
(18:35 / All) PhDinVVarcraft: red, u sound very lonely and sad
(18:36 / Allies) Abdullah: come yellow
(18:57 / Allies) callMecuTie: wtf we do
(19:19 / All) humble-alah: i aint no holla back girl
(20:17 / All) IbnKhaldun: THANKS FOR MASS TELEPORT WOOHOO!
(20:21 / All) humble-alah: way to feed him to 6
(20:23 / Allies) callMecuTie: lol two players no units
(20:23 / All) IbnKhaldun: YOU'RE THE BEST PINK!
(20:46 / Allies) callMecuTie: wy no griffs oj
(20:58 / Allies) Abdullah: I shouldn't spend my money until I have to
(21:03 / Allies) Abdullah: I get more gold that way
(21:06 / Allies) Abdullah: so more armies
(21:14 / Allies) callMecuTie: dicy..
(21:51 / All) humble-alah: am i only one lagg
(22:23 / All) IbnKhaldun: You made a powerful enemy that yo udon't want yellow
(23:26 / Allies) PhDinVVarcraft: stay near towers
(23:47 / Allies) callMecuTie: b
(23:55 / All) IbnKhaldun: you're good pink
(24:32 / All) Abdullah: 4v4 CLUSTERFUCK
(25:39 / Allies) PhDinVVarcraft: wow oj
(25:43 / Allies) PhDinVVarcraft: when u gonna spend ur money
(25:50 / Allies) Abdullah: when I have at least 20k still no danger
(25:54 / All) IbnKhaldun: You're next after these two clowns teal
(27:15 / Allies) callMecuTie: yea..
(27:27 / Allies) callMecuTie: were gettuing trolled here
(27:42 / Allies) PhDinVVarcraft: wish oj wasnt on our team
(27:53 / Allies) PhDinVVarcraft: fucking embarassment
(28:04 / Allies) walmartpimp: it was 3 v 4
(28:06 / Allies) walmartpimp: what do you want
(28:15 / All) humble-alah: lol teal
(28:18 / All) Abdullah: teal is tk
(28:24 / All) PhDinVVarcraft: oj has 23k
(28:29 / All) humble-alah: we dont care
(28:34 / All) humble-alah: i dont have an army army its iven
(28:34 / All) PhDinVVarcraft: u should care
(28:40 / All) PhDinVVarcraft: b/c u wouldnt be winning if oj played
(28:45 / All) humble-alah: lol
(28:50 / All) humble-alah: i could beat u with my penis nigga
(28:59 / All) PhDinVVarcraft: maybe in microbiology
(29:03 / All) PhDinVVarcraft: with that micro penis of urs
(29:05 / All) humble-alah: burn
(29:09 / All) walmartpimp: do you beat dudes withyour penis?
(29:09 / All) humble-alah: where ur hero bro
(29:10 / All) IbnKhaldun: leave yellow you're terrible
(29:11 / All) Abdullah: Feed me level 6 please
(29:16 / All) IbnKhaldun: take a leaf out of teals book and flee
(29:19 / All) PhDinVVarcraft: red, u need to get a life
(29:28 / All) PhDinVVarcraft: talking all game like u only get ur attn in bnet
(29:31 / All) PhDinVVarcraft: sad bro
(30:28 / All) IbnKhaldun: AFL
(30:30 / All) IbnKhaldun: AFK
(31:01 / All) humble-alah: wtf
(31:21 / All) humble-alah: yellow's tower attacks followed meall the way to purps base
(33:35 / All) humble-alah: wat
(33:42 / All) humble-alah: RED U DICK
(34:12 / All) humble-alah: RED U S.O.B
(34:14 / All) humble-alah: WHY
(35:34 / All) IbnKhaldun: speak English
(38:14 / All) IbnKhaldun: Purple is the biggest baby I've ever met
(38:21 / All) IbnKhaldun: He cries worse than a woman or a little kid
(38:33 / All) IbnKhaldun: |Go aks your mom to kiss your record and make it all better
(40:17 / All) IbnKhaldun: Purple's leaking tears all over his keyboard
(40:28 / All) Abdullah: I can't wait to see your side of the chat
(40:37 / All) IbnKhaldun: He has tear and cheeto stains all over his keyboard
(41:42 / All) IbnKhaldun: Purple is one of the biggest crybaby noobies I've ever met
(43:06 / All) humble-alah: RED IS NOOB
(43:11 / All) humble-alah: NOOB RED
(43:25 / All) ELViSH_PRiDe: RED WON'T GIVE ME 3.50
(43:35 / All) ELViSH_PRiDe: HE'S SO FUCKIN STUPID
(43:36 / All) IbnKhaldun: I don't want to win if purple gets teh win too
(43:38 / All) Abdullah: 3.50? You can't give gold in decimals
(43:39 / All) IbnKhaldun: he doesn't deserve a win
(43:44 / All) ELViSH_PRiDe: oh
(43:53 / All) IbnKhaldun: I'll only win the game if purple leaves
(44:38 / All) IbnKhaldun: Purple cost us all a win
(44:45 / All) IbnKhaldun: He has no consideration for anyone but himself
(44:52 / All) IbnKhaldun: his mouth cost blue a loss too
(45:06 / All) ELViSH_PRiDe: purp let me down
(45:13 / All) ELViSH_PRiDe: I need this win more than anything
(45:19 / All) Abdullah: Why
(45:19 / All) humble-alah: RED BETRAYED USS ORANGE
(45:22 / All) humble-alah: HE IS CHEATER
(45:24 / All) ELViSH_PRiDe: if I don't get this win I get cancer
(45:30 / All) humble-alah: RED IS CHEATER
(45:30 / All) Abdullah: lol
(45:45 / All) IbnKhaldun: Leave purple or I'll suicide my whole army
(45:51 / All) IbnKhaldun: blue and green will get a loss
(45:52 / All) humble-alah: RED IS CHEATER
(45:55 / All) ELViSH_PRiDe: the cancer burns
(45:56 / All) humble-alah: CHEATER RED
(46:05 / All) ELViSH_PRiDe: report purp
(46:14 / All) humble-alah: RED IS NOOB TRAITOR
(46:17 / All) ELViSH_PRiDe: he lost us the game now he's unresponsive
(46:19 / All) humble-alah: ONLYH NOOB TRAITOR TEAM
(46:21 / All) Abdullah: lol
(46:22 / All) IbnKhaldun: Purple's vulgar language cost blue and green a win
(46:27 / All) Abdullah: I am sure Blizzard cares about it in an 11 year old game
(46:35 / All) IbnKhaldun: I'm reporting him for his language
(46:36 / All) humble-alah: CHEATER RED
(46:44 / All) IbnKhaldun: LEAVE PURPLE OR I SUICIDE MY ARMY LAST CHJANCE TO GET BLUE AND GREEN A WIN
(46:51 / All) IbnKhaldun: 10 seconds
(46:53 / All) IbnKhaldun: 9
(46:55 / All) IbnKhaldun: 8
(46:55 / All) ELViSH_PRiDe: now I have cancer
(46:56 / All) IbnKhaldun: 7
(46:57 / All) IbnKhaldun: 6
(46:58 / All) IbnKhaldun: 5
(46:58 / All) IbnKhaldun: 4
(46:59 / All) IbnKhaldun: 3
(47:01 / All) IbnKhaldun: 2
(47:02 / All) IbnKhaldun: 1
(47:03 / All) humble-alah: RED IS CHEATER
(47:10 / All) IbnKhaldun: have it your way
(47:32 / All) IbnKhaldun: Purple cost us all a win
(47:36 / All) IbnKhaldun: I feel bad for green and blue
(47:47 / All) ELViSH_PRiDe: alright guys I'm gonna start pumping out penises
(47:50 / All) humble-alah: RED IS BETRAYER
(48:06 / All) humble-alah: NOOB RED
(48:08 / All) humble-alah: NOOB
(48:23 / All) humble-alah: ORANGE RED IS A ASS
(48:28 / All) humble-alah: HE KILLED US
(48:38 / All) ELViSH_PRiDe: in all seriousness I think purp is either really young or has a learning disability
(48:51 / All) humble-alah: WHY KILL ALLY RED
(48:52 / All) humble-alah: WHY
(49:06 / All) humble-alah: why?
(49:12 / All) humble-alah: BETRAYER RED
(49:18 / All) IbnKhaldun: beacuse purple is a piece of garbage
(49:26 / All) IbnKhaldun: literally a piece of garbage
(49:39 / All) ELViSH_PRiDe: we have no idea how he's playing right now
(49:39 / All) IbnKhaldun: With a face so ugly not even his motehr will look upon his hideous visage
(49:40 / All) humble-alah: wtf red u attack him
(49:41 / All) IbnKhaldun: let alone love it
(49:52 / All) IbnKhaldun: he has a gutter mouth and a nosferatu face
(49:54 / All) Abdullah: I'm really excited to see your allied chat damn
(50:05 / All) IbnKhaldun: give a serious consideration to suicide you pos purple
(50:13 / All) humble-alah: U ARE ENEMY U CANT SEE OUR CHATLOG THO???
(50:25 / All) humble-alah: RED SUCKS
(50:26 / All) IbnKhaldun: You cost green and blue a loss along with you
(50:29 / All) IbnKhaldun: fucking selfihs trash
(50:49 / All) IbnKhaldun: You forced my hand
(50:53 / All) IbnKhaldun: You coul d have left
(50:56 / All) IbnKhaldun: took one for the team
(50:59 / All) IbnKhaldun: You're selfish
(51:02 / All) IbnKhaldun: You only think about yourself
(51:11 / All) ELViSH_PRiDe: purp just gtfo
(51:35 / All) humble-alah: RED IS NOOB
(51:36 / All) IbnKhaldun: You're a piece of work purple
(51:37 / All) humble-alah: NOOB ALLY
(51:48 / All) humble-alah: SHOULD I REPORT RED TO BLIZZARD FOR TEAM KILL???
(51:48 / All) IbnKhaldun: I truly pity your mother and father and any other family you may have
(51:54 / All) IbnKhaldun: I'll pray for them
(52:03 / All) IbnKhaldun: Hoping you get the guts to take yourself out of their lives
(52:07 / All) humble-alah: I WILL EMAIL BLIZZARD AND REPORT RED
(52:12 / All) humble-alah: HE WILL HAVE TO BUY ANOTHER GAME
(52:13 / All) ELViSH_PRiDe: /kingslayer2000 I have a plan to take care of red don't tell him shhhh
(52:21 / All) Abdullah: lol
(52:23 / All) Abdullah: What is your plan?
(52:26 / All) humble-alah: OK I WILL EMAIL BLIZZARD NOW
(52:29 / All) humble-alah: AND REPORT RED
(52:31 / All) Abdullah: or are you just trying to get purple worked up with hope
(52:39 / All) ELViSH_PRiDe: what are you talking about?
(52:53 / All) humble-alah: jesus
(52:59 / All) humble-alah: that was a good ending
(53:08 / All) humble-alah: up ther
(53:10 / All) Abdullah: Any last words?
(53:14 / All) Abdullah: Blue?
(53:25 / All) ELViSH_PRiDe: I'm gonna pump out some pensis
(53:27 / All) humble-alah: u upload bob